TOP OF THE 1ST |
---|
State College Spikes batting - Pitching for El Paso Texans : RHP Derek Baker | Pitching: RHP Derek Baker | | Batting: RHB Andrew Pinto | 0-0: Foul Ball, location: 2F 0-1: Foul Ball, location: 2F 0-2: Ball 1-2: Ball 2-2: Foul Ball, location: 2F 2-2: SINGLE (Groundball, 56D) | Batting: RHB Victor Gilbert | 0-0: Swinging Strike 0-1: Foul Ball, location: 2F 0-2: Ball 1-2: Ball 2-2: Strikes out looking | Batting: SHB Patrizio Batistuta | 0-0: Called Strike 0-1: Swinging Strike 0-2: Strikes out swinging | Batting: LHB Wilson Turner | 0-0: Fly out, F9 (Flyball, 9) | Top of the 1st over - 0 runs, 1 hit, 0 errors, 1 left on base; State College 0 - El Paso 0 | BOTTOM OF THE 1ST |
---|
El Paso Texans batting - Pitching for State College Spikes : RHP James Waddell | Pitching: RHP James Waddell | | Batting: LHB Mark Spencer | 0-0: Swinging Strike 0-1: Ball 1-1: Swinging Strike 1-2: Strikes out swinging | Batting: RHB Cole Boehmer | 0-0: Called Strike 0-1: Called Strike 0-2: Ball 1-2: Ball 2-2: Ball 3-2: Fly out, F8 (Flyball, 8LM) | Batting: LHB Dave Tucker | 0-0: Called Strike 0-1: Foul Ball, location: 2F 0-2: Ball 1-2: Ball 2-2: Ground out U3 (Groundball, 3) | Bottom of the 1st over - 0 runs, 0 hits, 0 errors, 0 left on base; State College 0 - El Paso 0 | TOP OF THE 2ND |
---|
State College Spikes batting - Pitching for El Paso Texans : RHP Derek Baker | Batting: LHB Edward Norton | 0-0: Ball 1-0: Ball 2-0: Ball 3-0: Base on Balls | Batting: RHB Ira Ross | 0-0: Ball 1-0: Ball 2-0: Ball 3-0: Base on Balls Edward Norton to second | Batting: LHB Javier Morales | 0-0: Called Strike 0-1: Ball 1-1: Ball 2-1: Foul Ball, location: 2F 2-2: Foul Ball, location: 2F 2-2: Foul Ball, location: 2F 2-2: Strikes out swinging | Batting: RHB José Maldonado | 0-0: Ball 1-0: Ball 2-0: Ball 3-0: Called Strike 3-1: Called Strike 3-2: Base on Balls Edward Norton to third Ira Ross to second | Batting: RHB Sergio Serrano | 0-0: Foul Ball, location: 2F 0-1: Swinging Strike 0-2: Strikes out swinging | Batting: RHB Andrew Pinto | 0-0: Swinging Strike 0-1: Foul Ball, location: 2F 0-2: Ball 1-2: Ball 2-2: Strikes out swinging | Top of the 2nd over - 0 runs, 0 hits, 0 errors, 3 left on base; State College 0 - El Paso 0 | BOTTOM OF THE 2ND |
---|
El Paso Texans batting - Pitching for State College Spikes : RHP James Waddell | Batting: RHB Domingo Morales | 0-0: Called Strike 0-1: Ball 1-1: Ball 2-1: Ball 3-1: Called Strike 3-2: Ground out 6-3 (Groundball, 6M) | Batting: SHB António Cervantes | 0-0: Ball 1-0: Ball 2-0: Called Strike 2-1: Foul Ball, location: 2F 2-2: Ball 3-2: Strikes out looking | Batting: SHB Oliver Riley | 0-0: Ball 1-0: Ball 2-0: Ball 3-0: Called Strike 3-1: Ground out 6-3 (Groundball, 6) | Bottom of the 2nd over - 0 runs, 0 hits, 0 errors, 0 left on base; State College 0 - El Paso 0 | TOP OF THE 3RD |
---|
State College Spikes batting - Pitching for El Paso Texans : RHP Derek Baker | Batting: RHB Victor Gilbert | 0-0: SINGLE (Groundball, 6D) | Batting: SHB Patrizio Batistuta | 0-0: Foul Ball, location: 2F 0-1: Ball 1-1: Ball 2-1: Called Strike 2-2: Strikes out swinging | Batting: LHB Wilson Turner | 0-0: Ball 1-0: Ball 2-0: Swinging Strike 2-1: Ball Victor Gilbert steals 2nd base 3-1: Base on Balls | Batting: LHB Edward Norton | 0-0: Ball 1-0: Ball 2-0: Called Strike 2-1: Called Strike 2-2: DOUBLE (Line Drive, 9LM) Victor Gilbert scores Wilson Turner to third Runner from 3rd tries for Home, SAFE, no throw | Batting: RHB Ira Ross | 0-0: Called Strike 0-1: Called Strike 0-2: Strikes out looking | Batting: LHB Javier Morales | 0-0: SINGLE (Groundball, 5D) Edward Norton to third Runner from 3rd tries for Home, SAFE, no throw | Batting: RHB José Maldonado | 0-0: Called Strike 0-1: Ball 1-1: Ground out 4-3 (Groundball, 4) | Top of the 3rd over - 3 runs, 3 hits, 0 errors, 1 left on base; State College 3 - El Paso 0 | BOTTOM OF THE 3RD |
---|
El Paso Texans batting - Pitching for State College Spikes : RHP James Waddell | Batting: RHB Jim MacAchounich | 0-0: Called Strike 0-1: Ball 1-1: Fly out, F6 (Line Drive, 6) | Batting: RHB Rafael Crus | 0-0: Ball 1-0: Ground out 4-3 (Groundball, 4S) | Batting: SHB Miguel Hurtado | 0-0: Ground out 5-3 (Groundball, 56) | Bottom of the 3rd over - 0 runs, 0 hits, 0 errors, 0 left on base; State College 3 - El Paso 0 | TOP OF THE 4TH |
---|
State College Spikes batting - Pitching for El Paso Texans : RHP Derek Baker | Batting: RHB Sergio Serrano | 0-0: Ball 1-0: Swinging Strike 1-1: Ball 2-1: Foul Ball, location: 2F 2-2: Ground out 1-3 (Groundball, P) | Batting: RHB Andrew Pinto | 0-0: Foul Ball, location: 2F 0-1: Called Strike 0-2: SOLO HOME RUN (Flyball, 7LD), Distance : 385 ft | Pitching: RHP Oscar Martin | | Batting: RHB Victor Gilbert | 0-0: Ball 1-0: Called Strike 1-1: Ball 2-1: Ball 3-1: Called Strike 3-2: Foul Ball, location: 2F 3-2: Base on Balls | Batting: SHB Patrizio Batistuta | 0-0: Ball 1-0: Ball 2-0: Swinging Strike 2-1: Foul Ball, location: 2F 2-2: Foul Ball, location: 2F 2-2: Strikes out swinging Victor Gilbert steals 2nd base Batter strikes out. | Batting: LHB Wilson Turner | 0-0: Foul Ball, location: 2F 0-1: Ball 1-1: Ball 2-1: Foul Ball, location: 2F 2-2: Ball 3-2: SINGLE (Line Drive, 4D) Victor Gilbert to third Victor Gilbert scores | Batting: LHB Edward Norton | 0-0: Foul Ball, location: 2F 0-1: Foul Ball, location: 2F 0-2: Ball 1-2: Ball 2-2: 2-RUN HOME RUN (Flyball, 9LD), Distance : 352 ft | Batting: RHB Ira Ross | 0-0: Foul Ball, location: 2F 0-1: Swinging Strike 0-2: Strikes out swinging | Top of the 4th over - 4 runs, 3 hits, 0 errors, 0 left on base; State College 7 - El Paso 0 | BOTTOM OF THE 4TH |
---|
El Paso Texans batting - Pitching for State College Spikes : RHP James Waddell | Batting: LHB Mark Spencer | 0-0: Fly out, F9 (Flyball, 89M) | Batting: RHB Cole Boehmer | 0-0: Ball 1-0: Ball 2-0: Called Strike 2-1: Swinging Strike 2-2: Ball 3-2: Base on Balls | Batting: LHB Dave Tucker | 0-0: Called Strike 0-1: Ball 1-1: Swinging Strike 1-2: Foul Ball, location: 2F 1-2: Foul Ball, location: 2F 1-2: SINGLE (Groundball, 4MD) Cole Boehmer to second Runner from 2nd tries for 3rd, SAFE, throw made at trailing runner, OUT! | Batting: RHB Domingo Morales | 0-0: Ball 1-0: Ball 2-0: Ball 3-0: Base on Balls | Batting: SHB António Cervantes | 0-0: Ball 1-0: Ground out 4-3 (Groundball, 4) | Bottom of the 4th over - 0 runs, 1 hit, 0 errors, 2 left on base; State College 7 - El Paso 0 | TOP OF THE 5TH |
---|
State College Spikes batting - Pitching for El Paso Texans : RHP Oscar Martin | Batting: LHB Javier Morales | 0-0: Ball 1-0: Called Strike 1-1: Foul Ball, location: 2F 1-2: Ball 2-2: Ball 3-2: Base on Balls | Batting: RHB José Maldonado | 0-0: Called Strike Javier Morales steals 2nd base 0-1: Swinging Strike 0-2: Ball 1-2: Ground out 4-3 (Groundball, 4) Javier Morales to third | Batting: RHB Sergio Serrano | 0-0: Called Strike 0-1: Ball 1-1: Swinging Strike 1-2: Ground out 5-3 (Groundball, 56) Javier Morales scores | Batting: RHB Andrew Pinto | 0-0: Foul Ball, location: 2F 0-1: SOLO HOME RUN (Flyball, 7D), Distance : 401 ft | Batting: RHB Victor Gilbert | 0-0: Ball 1-0: Ball 2-0: Called Strike 2-1: SINGLE (Groundball, 6MD) | Batting: SHB Patrizio Batistuta | 0-0: Called Strike 0-1: Called Strike 0-2: Ball Victor Gilbert steals 2nd base 1-2: Ball 2-2: Ball 3-2: 2-RUN HOME RUN (Flyball, 89XD), Distance : 413 ft | Batting: LHB Wilson Turner | 0-0: DOUBLE (Line Drive, 9LM) | Batting: LHB Edward Norton | 0-0: Foul Ball, location: 2F 0-1: Called Strike 0-2: Foul Ball, location: 2F 0-2: Hit by Pitch | Batting: RHB Ira Ross | 0-0: Ball 1-0: Ball 2-0: Ground out 6-3 (Groundball, 6M) | Top of the 5th over - 4 runs, 4 hits, 0 errors, 2 left on base; State College 11 - El Paso 0 | BOTTOM OF THE 5TH |
---|
El Paso Texans batting - Pitching for State College Spikes : RHP James Waddell | Batting: SHB Oliver Riley | 0-0: Ball 1-0: Ball 2-0: Ball 3-0: Called Strike 3-1: Foul Ball, location: 2F 3-2: Fly out, F6 (Popup, 6MD) | Batting: RHB Jim MacAchounich | 0-0: Swinging Strike 0-1: Foul Ball, location: 2F 0-2: Strikes out looking | Batting: RHB Rafael Crus | 0-0: Foul Ball, location: 2F 0-1: SINGLE (Groundball, 25) (infield hit) | Batting: SHB Miguel Hurtado | 0-0: Ball 1-0: Ball Rafael Crus steals 2nd base 2-0: DOUBLE (Flyball, 8RXD) Rafael Crus scores | Batting: LHB Mark Spencer | 0-0: Called Strike 0-1: Foul Ball, location: 2F 0-2: Strikes out swinging | Bottom of the 5th over - 1 run, 2 hits, 0 errors, 1 left on base; State College 11 - El Paso 1 | TOP OF THE 6TH |
---|
State College Spikes batting - Pitching for El Paso Texans : RHP Oscar Martin | Batting: LHB Javier Morales | 0-0: Foul Ball, location: 2F 0-1: Called Strike 0-2: Ground out U3 (Groundball, 34S) | Batting: RHB José Maldonado | 0-0: Ground out U3 (Groundball, 34) | Batting: RHB Sergio Serrano | 0-0: Called Strike 0-1: Ball 1-1: Ball 2-1: Ball 3-1: Base on Balls | Batting: RHB Andrew Pinto | 0-0: Called Strike 0-1: Ball 1-1: Ball 2-1: Ball 3-1: Swinging Strike 3-2: Base on Balls Sergio Serrano to second | Batting: RHB Victor Gilbert | 0-0: Ball 1-0: Foul Ball, location: 2F 1-1: Swinging Strike 1-2: Strikes out swinging | Top of the 6th over - 0 runs, 0 hits, 0 errors, 2 left on base; State College 11 - El Paso 1 | BOTTOM OF THE 6TH |
---|
El Paso Texans batting - Pitching for State College Spikes : RHP James Waddell | Batting: RHB Cole Boehmer | 0-0: Swinging Strike 0-1: Ball 1-1: Fly out, F8 (Flyball, 8LD) | Batting: LHB Dave Tucker | 0-0: Ball 1-0: Ball 2-0: Ball 3-0: Called Strike 3-1: Fly out, F6 (Line Drive, 6M) | Batting: RHB Domingo Morales | 0-0: Ball 1-0: Ball 2-0: Ball 3-0: Base on Balls | Batting: SHB António Cervantes | 0-0: Ball 1-0: Called Strike 1-1: Foul Ball, location: 2F 1-2: Ball 2-2: Strikes out swinging | Bottom of the 6th over - 0 runs, 0 hits, 0 errors, 1 left on base; State College 11 - El Paso 1 | TOP OF THE 7TH |
---|
State College Spikes batting - Pitching for El Paso Texans : RHP Oscar Martin | Batting: SHB Patrizio Batistuta | 0-0: Ball 1-0: Fly out, F8 (Flyball, 8RS) | Batting: LHB Wilson Turner | 0-0: Foul Ball, location: 2F 0-1: Ball 1-1: Reached on error, E4 (Groundball, 4) | Pitching: RHP Mike Church | | Batting: LHB Edward Norton | 0-0: Called Strike 0-1: TRIPLE (Flyball, 8LXD) Wilson Turner scores | Batting: RHB Ira Ross | 0-0: Ball 1-0: Ball 2-0: Called Strike 2-1: Swinging Strike 2-2: Foul Ball, location: 2F 2-2: Ball 3-2: Fly out, F3 (Popup, 3DF) | Batting: LHB Javier Morales | 0-0: Foul Ball, location: 2F 0-1: Ball 1-1: Foul Ball, location: 2F 1-2: Foul Ball, location: 2F 1-2: Ball 2-2: Foul Ball, location: 2F 2-2: Ground out 6-3 (Groundball, 6D) | Top of the 7th over - 1 run, 1 hit, 1 error, 1 left on base; State College 12 - El Paso 1 | BOTTOM OF THE 7TH |
---|
El Paso Texans batting - Pitching for State College Spikes : RHP James Waddell | Batting: SHB Oliver Riley | 0-0: DOUBLE (Line Drive, 7LM) | Batting: RHB Jim MacAchounich | 0-0: Ball 1-0: Ball 2-0: Foul Ball, location: 2F 2-1: Ball 3-1: Called Strike 3-2: Base on Balls | Batting: RHB Rafael Crus | 0-0: Fielders Choice at 2nd, 4-6 (Groundball, 4) Oliver Riley to third | Batting: SHB Miguel Hurtado | 0-0: Ball 1-0: Ball 2-0: Foul Ball, location: 2F 2-1: Called Strike 2-2: Ball 3-2: SINGLE (Groundball, 6MD) Oliver Riley scores Rafael Crus to second Runner from 2nd tries for 3rd, SAFE, no throw | Batting: LHB Mark Spencer | 0-0: Ball 1-0: Foul Ball, location: 2F 1-1: Ball 2-1: Called Strike 2-2: Grounds into double play, 5-4-3 (Groundball, 56) | Bottom of the 7th over - 1 run, 2 hits, 0 errors, 1 left on base; State College 12 - El Paso 2 | TOP OF THE 8TH |
---|
State College Spikes batting - Pitching for El Paso Texans : RHP Mike Church | Batting: RHB José Maldonado | 0-0: Foul Ball, location: 2F 0-1: Ball 1-1: SINGLE (Groundball, 56D) | Batting: RHB Sergio Serrano | 0-0: Called Strike 0-1: Ball Passed Ball! José Maldonado to second 1-1: Foul Ball, location: 2F 1-2: Fly out, F8 (Flyball, 89M) | Batting: RHB Andrew Pinto | 0-0: Ball José Maldonado steals 3rd base 1-0: Ball 2-0: Foul Ball, location: 2F 2-1: Swinging Strike 2-2: Ball 3-2: Base on Balls | Batting: RHB Victor Gilbert | 0-0: Ball 1-0: Ball 2-0: Ball 3-0: Base on Balls Andrew Pinto to second | Batting: SHB Patrizio Batistuta | 0-0: Ball 1-0: Grounds into double play, 4-6-3 (Groundball, 4) | Top of the 8th over - 0 runs, 1 hit, 0 errors, 2 left on base; State College 12 - El Paso 2 | BOTTOM OF THE 8TH |
---|
El Paso Texans batting - Pitching for State College Spikes : RHP James Waddell | Pitching: RHP Nelson Rivera | | Batting: RHB Cole Boehmer | 0-0: Called Strike 0-1: Ball 1-1: Ball 2-1: Ball 3-1: Foul Ball, location: 2F 3-2: Base on Balls | Batting: LHB Dave Tucker | 0-0: Called Strike 0-1: Ball 1-1: Called Strike 1-2: Ball 2-2: Ball 3-2: Base on Balls Cole Boehmer to second | Batting: RHB Domingo Morales | 0-0: Ball 1-0: Foul Ball, location: 2F 1-1: Fly out, F7 (Flyball, 7S) | Batting: SHB António Cervantes | 0-0: Fly out, F9 (Line Drive, 9S) | Batting: SHB Oliver Riley | 0-0: Ball 1-0: Ball 2-0: Ball Passed Ball! Cole Boehmer to third Dave Tucker to second 3-0: Base on Balls | Batting: RHB Jim MacAchounich | 0-0: Ball 1-0: Ball 2-0: Fly out, F4 (Line Drive, 4) | Bottom of the 8th over - 0 runs, 0 hits, 0 errors, 3 left on base; State College 12 - El Paso 2 | TOP OF THE 9TH |
---|
State College Spikes batting - Pitching for El Paso Texans : RHP Mike Church | Batting: LHB Wilson Turner | 0-0: Called Strike 0-1: Ball 1-1: Foul Ball, location: 2F 1-2: Foul Ball, location: 2F 1-2: Strikes out swinging | Batting: LHB Edward Norton | 0-0: Swinging Strike 0-1: Swinging Strike 0-2: Foul Ball, location: 2F 0-2: Strikes out swinging | Batting: RHB Ira Ross | 0-0: Ball 1-0: Ball 2-0: Called Strike 2-1: Called Strike 2-2: Foul Ball, location: 2F 2-2: Fly out, F8 (Flyball, 89D) | Top of the 9th over - 0 runs, 0 hits, 0 errors, 0 left on base; State College 12 - El Paso 2 | BOTTOM OF THE 9TH |
---|
El Paso Texans batting - Pitching for State College Spikes : RHP Nelson Rivera | Batting: RHB Rafael Crus | 0-0: Swinging Strike 0-1: Foul Ball, location: 2F 0-2: Ball 1-2: Ball 2-2: Strikes out swinging | Batting: SHB Miguel Hurtado | 0-0: Fly out, F7 (Line Drive, 7LM) | Batting: LHB Mark Spencer | 0-0: Called Strike 0-1: Ball 1-1: Ball 2-1: Foul Ball, location: 2F 2-2: Foul Ball, location: 2F 2-2: Ball 3-2: Base on Balls | Batting: RHB Cole Boehmer | 0-0: Ball 1-0: Called Strike 1-1: Ball 2-1: Foul Ball, location: 2F 2-2: Foul Ball, location: 2F 2-2: Strikes out swinging | Bottom of the 9th over - 0 runs, 0 hits, 0 errors, 1 left on base; State College 12 - El Paso 2 | |